 Dungeon Crawl Stone Soup version 0.28.0-53-g5a82cb258f (webtiles) character file.

Game seed: 11154958118905873973

2480 Zeld the Blocker (level 9, 0/55 HPs)
             Began as a Gargoyle Fighter on June 11, 2022.
             Was an Initiate of Gozag.
             Killed from afar by a gargoyle (15 damage)
             ... with a stone arrow
             ... on level 7 of the Dungeon.
             The game lasted 00:14:50 (9526 turns).

Zeld the Blocker (Gargoyle Fighter)                 Turns: 9526, Time: 00:14:50

Health: 0/55       AC: 10    Str: 27    XL:     9   Next: 51%
Magic:  9/9        EV:  7    Int: 18    God:    Gozag
Gold:   180        SH:  5    Dex:  9    Spells: 8/8 levels left

rFire   . . .      SeeInvis .   a - +1 whip (freeze)
rCold   . . .      Faith    .   c - +0 buckler
rNeg    + . .      Spirit   .   q - +0 plate armour of Lugonu's Hope {Contam Str+4 Int+8 Stlth+}
rPois   ∞          Reflect  .   (no helmet)
rElec   +          Harm     .   (no cloak)
rCorr   .          Rampage  .   e - +2 pair of gloves
Will    .....                   (no boots)
Stlth   ..........              (no amulet)
HPRegen 0.18/turn               (no ring)
MPRegen 0.11/turn               (no ring)

@: corroded
A: sickness immunity, AC +6, negative energy resistance 1, electricity
resistance, torment resistance 1, petrification resistance
a: Renounce Religion, Potion Petition, Call Merchant, Bribe Branch


You were on level 7 of the Dungeon.
You worshipped Gozag.
Gozag was aware of your devotion.
You visited 2 branches of the dungeon, and saw 8 of its levels.

You collected 391 gold pieces.
You spent 40 gold pieces at shops.
You paid 171 gold pieces to Gozag.

Inventory:

Hand Weapons
 a - a +1 whip of freezing (weapon)
Missiles
 k - 47 bolts
 m - 5 boomerangs (quivered)
Armour
 c - a +0 buckler (worn)
 e - a +2 pair of gloves (worn)
 q - the +0 plate armour of Lugonu's Hope (worn) {Contam Str+4 Int+8 Stlth+}
   (You found it on level 6 of the Dungeon)

   Str:       It affects your strength (+4).
   Int:       It affects your intelligence (+8).
   Contam:    It causes magical contamination when unequipped.
   Stlth:     It makes you more stealthy.
Jewellery
 u - a ring of protection from fire
Wands
 d - a wand of digging (3)
Scrolls
 b - a scroll of summoning
 h - 5 scrolls of teleportation
 i - 2 scrolls of enchant armour
 l - a scroll of fear
 n - 2 scrolls of blinking
 v - a scroll of fog {unknown}
Potions
 f - a potion of haste {unknown}
 g - a potion of ambrosia {unknown}
 j - a potion of cancellation {unknown}
 p - a potion of curing {unknown}
 r - a potion of heal wounds {unknown}
 s - 3 potions of lignification {unknown}


   Skills:
 + Level 6.2 Fighting
 * Level 7.1 Maces & Flails
 + Level 3.6 Throwing
 + Level 6.1 Armour
 * Level 8.1 Shields


You had 8 spell levels left.
You didn't know any spells.
Your spell library was empty.

Dungeon Overview and Level Annotations

Branches:
Dungeon (7/15)             Temple (1/1) D:7

Altars:
Ashenzari
Cheibriados
Dithmenos
Elyvilon
Fedhas
Gozag
Hepliaklqana
Kikubaaqudgha
Makhleb
Nemelex Xobeh
Okawaru
Qazlal
Ru
Sif Muna
Trog
Uskayaw
Vehumet
Wu Jian
Xom
Yredelemnul
Zin
The Shining One

Shops:
D:2 (   D:3 ?


Innate Abilities, Weirdness & Mutations

You are immune to sickness and miasma.
Your stone body is resilient. (AC +6)
You are immune to poison.
You resist negative energy. (rN+)
You are resistant to electric shocks. (rElec)
You are resistant to unholy torment.
You are immune to petrification.


Message History

The jelly is severely wounded.
The jelly barely misses you.
You hit the jelly but do no damage.
Your hands burn!
* * * LOW HITPOINT WARNING * * *
The jelly is severely wounded.
The jelly hits you but does no damage.
You hit the jelly. You freeze the jelly.
You kill the jelly!
You see here a +1 vorpal hunting sling.
You start resting.
You hear the loud creaking of a portcullis.
You start resting.
The portcullis has been lowered almost to the ground.
A centaur skeleton and a gargoyle come into view.
You see here a wand of acid (7).
The centaur skeleton hits you but does no damage.
You block the centaur skeleton's attack.
The portal closes with a thud.
You see here 4 gold pieces.
The centaur skeleton closely misses you. x2
You see here a +0 hand axe.
The centaur skeleton hits you.
* * * LOW HITPOINT WARNING * * *
The centaur skeleton kicks you but does no damage.
There is an empty arch of ancient stone here.
There is nothing on the other side of the stone arch.
The centaur skeleton hits you but does no damage.
The centaur skeleton kicks you but does no damage.
The gargoyle hurls a stone arrow at you.
You block the stone arrow.
You see here a +0 hand axe.
There is a stone staircase leading up here.
The centaur skeleton misses you.
The centaur skeleton kicks you but does no damage.
The centaur skeleton hits you but does no damage.
You block the centaur skeleton's attack.
The gargoyle hurls a stone arrow at you.
The stone arrow hits you!
You die...
Your body crumbles into a pile of gold.

#####+####+######+#
#...<..............
#..................
#.9Z)...)..../.....
#..)∩).$...........
##@.)..............
#....$............
##.####...........
#.. #.....#####+
#... +>....+
#....#.....#
#....#.....# ....#


You could see a gargoyle and a centaur skeleton.

Vanquished Creatures
  Prince Ribbit (D:5)
  Grinder (D:5)
  Menkaure (D:6)
  A water moccasin (D:6)
  Duvessa (D:5)
  An orc warrior (D:6)
  2 black bears
  2 ogres
  A necrophage (D:4)
  A centaur (D:6)
  A bullfrog (D:6)
  A scorpion (D:4)
  Dowan (D:5)
  3 wights (D:6)
  A water moccasin skeleton (D:6)
  A bullfrog zombie (D:7)
  4 hounds
  2 jellies
  2 orc priests
  2 centaur skeletons
  2 gnoll shamans
  4 iguanas
  A hound skeleton (D:4)
  13 gnolls
  6 adders
  2 shadow imps
  2 white imps
  4 worms
  3 dart slugs
  4 orcs
  9 bats
  9 endoplasms
  4 giant cockroaches
  5 goblins
  10 hobgoblins
  8 jackals
  3 kobolds
  4 quokkas
  7 ball pythons
  A ball python skeleton (D:2)
  6 rats
137 creatures vanquished.

Vanquished Creatures (others)
  A plant (D:1)
1 creature vanquished.

Grand Total: 138 creatures vanquished

Notes
Turn   | Place    | Note
-------+----------+-------------------------------------------
     0 | D:1      | Zeld the Gargoyle Fighter began the quest for the Orb.
     0 | D:1      | Reached XP level 1. HP: 14/14 MP: 1/1
   195 | D:1      | Reached XP level 2. HP: 16/19 MP: 2/2
   820 | D:1      | Reached XP level 3. HP: 15/23 MP: 3/3
  1561 | D:2      | Reached skill level 4 in Shields
  1561 | D:2      | Reached XP level 4. HP: 6/29 MP: 4/4
  1832 | D:2      | Found Qumef's Weapon Shoppe.
  2087 | D:2      | Found a faded altar of an unknown god.
  2105 | D:2      | Found a sparkling altar of Nemelex Xobeh.
  3054 | D:1      | Reached XP level 5. HP: 33/33 MP: 5/5
  3534 | D:3      | Found Datoup's Magic Scroll Shoppe.
  3538 | D:3      | Bought a scroll of identify for 20 gold pieces
  3538 | D:3      | Bought a scroll of identify for 20 gold pieces
  3593 | D:3      | Noticed an ogre
  3600 | D:3      | Killed an ogre
  3601 | D:3      | Reached XP level 6. HP: 25/38 MP: 6/6
  4030 | D:3      | Reached skill level 5 in Shields
  4064 | D:4      | Reached skill level 1 in Throwing
  4219 | D:4      | Noticed a necrophage
  4243 | D:4      | Killed a necrophage
  4251 | D:4      | Reached XP level 7. HP: 26/44 MP: 7/7
  5405 | D:5      | Entered Level 5 of the Dungeon
  5580 | D:5      | Noticed Grinder
  5598 | D:5      | Killed Grinder
  5599 | D:5      | Reached skill level 5 in Fighting
  5599 | D:5      | Reached skill level 5 in Maces & Flails
  5599 | D:5      | Reached skill level 6 in Shields
  5599 | D:5      | Reached XP level 8. HP: 40/49 MP: 8/8
  5677 | D:5      | Noticed Duvessa
  5677 | D:5      | Noticed Dowan
  6077 | D:5      | Reached skill level 5 in Armour
  6256 | D:5      | Found a broken altar of Ashenzari.
  6342 | D:5      | Noticed Prince Ribbit
  6382 | D:5      | Killed Duvessa
  6672 | D:5      | Killed Dowan
  6860 | D:5      | Killed Prince Ribbit
  7228 | D:6      | Reached skill level 7 in Shields
  7574 | D:6      | Identified the +0 plate armour of Lugonu's Hope {Contam
                  | Str+4 Int+8 Stlth+}
  7647 | D:6      | Noticed Menkaure
  7659 | D:6      | Killed Menkaure
  7660 | D:6      | Reached XP level 9. HP: 29/55 MP: 9/9
  8110 | D:6      | HP: 1/55 [orc warrior/+0 war axe (3)]
  8119 | D:6      | HP: 1/55 [orc warrior/+0 war axe (2)]
  8846 | D:6      | Reached skill level 8 in Shields
  8871 | D:7      | Found a staircase to the Ecumenical Temple.
  8887 | Temple   | Entered the Ecumenical Temple
  9147 | Temple   | Became a worshipper of Gozag Ym Sagoz the Greedy
  9467 | D:7      | Found a flagged portal.
  9507 | D:7      | Noticed a gargoyle
  9526 | D:7      | Killed from afar by a gargoyle

Illustrated notes

Levels and vault maps discovered:
D:1:      dpeg_arrival_refuge, layout_loops_ring, serial_forest,
          infiniplex_forest_lined_corner, infiniplex_forest_clump_cross,
          infiniplex_forest_straight_3, infiniplex_forest_end_2,
          infiniplex_forest_clump_long, infiniplex_forest_straight_2,
          infiniplex_forest_split, infiniplex_forest_fountain
D:2:      wander_river, layout_basic, dreamdust_ecumenical_altar_statues,
          basic_altar, serial_shops, nicolae_shop_waterfront,
          hangedman_decor_growths, hex_tiny, minivault_5, grunt_ministairs_14,
          minmay_divided_ellipse
D:3:      lemuel_castle_with_subvaults [lemuel_castle_interior_original],
          layout_basic, serial_shops, shop
D:4:      layout_gridville, kennysheep_opposing_triangles
D:5:      layout_basic, ashenzari_altar_1, uniq_duvessa, uniq_prince_ribbit1,
          uniq_grinder
D:6:      layout_basic, uniq_menkaure
D:7:      layout_gridville, minmay_temple_entry_proselytizer, enter_bailey_2,
          minmay_fire_ice_demons
Temple:   mainiacjoe_temple_big_plus

Skill      XL: |  1  2  3  4  5  6  7  8  9 |
---------------+----------------------------+-----
Shields        | 4 5 6 7 8 |  8.1
Maces & Flails | 3 4 5 6 7 |  7.1
Armour         | 4 5 6 |  6.1
Fighting       | 4 5 6 |  6.2
Throwing       | 1 2 3 |  3.6

Action                   |  1- 3 |  4- 6 |  7- 9 || total
-------------------------+-------+-------+-------++-------
Melee: Flail             |   100 |    63 |       ||   163
       Whip              |       |   127 |   470 ||   597
Throw: Boomerang         |       |       |    28 ||    28
  Use: Scroll            |       |     5 |     2 ||     7
       Potion            |       |     1 |     2 ||     3
Armor: Scale mail        |    44 |    97 |   132 ||   273
       Plate armour      |       |       |   128 ||   128
Dodge: Dodged            |    42 |    87 |   171 ||   300
Block: Buckler           |    22 |    44 |   115 ||   181
